[Event "IND-ch Women 2019"]
[Site "Karaikkudi"]
[Date "2019.07.19"]
[Round "1.2"]
[White "Kulkarni Bhakti"]
[Black "Ananya Bothra"]
[Result "1-0"]
[ECO "D35"]
[WhiteElo "2388"]
[BlackElo "1681"]
[Annotator "RC"]
[PlyCount "67"]
[EventDate "2019.07.19"]
[EventType "swiss"]
[EventCountry "IND"]
[SourceTitle "playchess.com"]
[Source "ChessBase"]
[SourceQuality "1"]
[TimeControl "40/5400+30:1800+30"]

1. d4 d5 2. c4 e6 3. Nc3 Nf6 4. Bf4 Be7 5. e3 O-O 6. c5 c6 7. h3 b6 8. b4 a5 9. a3 Ba6 10. Bxa6 Nxa6 11. Rb1 axb4 12. axb4 Nd7 13. Nf3 f6 14. O-O e5 15. dxe5 fxe5 16. Nxe5 Nxe5 17. Bxe5 bxc5 18. b5 Nb4 19. bxc6 Bf6 20. c7 Qd7 21. Bxf6 Rxf6 22. Ne4 Rc6 23. Nxc5 Rxc5 24. Rxb4 Qxc7 25. Rd4 Qf7 26. Qb3 Rf8 27. Rf4 Qc7 28. Rxf8+ Kxf8 29. Rd1 g6 30. Rxd5 Rxd5 31. Qxd5 Qc1+ 32. Kh2 Qc2 33. Qd6+ Kg7 34. Qf4 1-0

[Event "IND-ch Women 2019"]
[Site "Karaikkudi"]
[Date "2019.07.19"]
[Round "1.4"]
[White "Vijayalakshmi, Subbaraman"]
[Black "Chinnam Vyshnavi"]
[Result "1-0"]
[ECO "D02"]
[WhiteElo "2357"]
[BlackElo "1664"]
[Annotator "RC"]
[PlyCount "113"]
[EventDate "2019.07.19"]
[EventType "swiss"]
[EventCountry "IND"]
[SourceTitle "playchess.com"]
[Source "ChessBase"]
[SourceQuality "1"]
[TimeControl "40/5400+30:1800+30"]

1. d4 Nf6 2. Nf3 g6 3. g3 Bg7 4. Bg2 O-O 5. O-O d5 6. Be3 c6 7. Qc1 b6 8. Bh6 Bb7 9. c4 Nbd7 10. Rd1 Rc8 11. Nc3 Ba6 12. b3 e6 13. Bxg7 Kxg7 14. Qa3 Nb8 15. Rac1 dxc4 16. bxc4 Bxc4 17. Ne5 Ba6 18. Nxc6 Nxc6 19. Qxa6 Qe7 20. e3 Rfd8 21. Qe2 Nd5 22. Nxd5 exd5 23. h4 h5 24. Bh3 f5 25. Bf1 Rd6 26. Rc2 Rf8 27. Qb5 Rff6 28. Rdc1 Qe6 29. Qa4 Na5 30. Rc8 Rd7 31. Bb5 Re7 32. Qa3 f4 33. exf4 Nb7 34. R8c7 Nd6 35. Qxa7 Rff7 36. Rxe7 Rxe7 37. Qxb6 Kh6 38. Bd3 Rb7 39. Qd8 Nf7 40. Qg8 Re7 41. Qf8+ Kh7 42. f5 gxf5 43. Bxf5+ Qxf5 44. Qxe7 Kg7 45. Rc7 Qb1+ 46. Kg2 Qe4+ 47. Qxe4 dxe4 48. a4 Kf6 49. a5 Nd6 50. a6 Nb5 51. Rb7 Nd6 52. Rb6 Ke7 53. a7 Nc8 54. Rb7+ Kd8 55. a8=Q e3 56. fxe3 Ke8 57. Qxc8# 1-0

[Event "IND-ch Women 2019"]
[Site "Karaikkudi"]
[Date "2019.07.19"]
[Round "1.7"]
[White "Senthamizh Yazhini S"]
[Black "Priyanka Nutakki"]
[Result "1-0"]
[ECO "C11"]
[WhiteElo "1622"]
[BlackElo "2293"]
[Annotator "ChessBase"]
[PlyCount "75"]
[EventDate "2019.07.19"]
[EventType "swiss"]
[EventCountry "IND"]
[SourceTitle "playchess.com"]
[Source "ChessBase"]
[SourceQuality "1"]
[TimeControl "40/5400+30:1800+30"]

1. e4 e6 2. d4 d5 3. Nc3 Nf6 4. e5 Nfd7 5. f4 c5 6. Nf3 Nc6 7. Be3 Be7 8. Qd2 O-O 9. dxc5 Bxc5 10. Bxc5 Nxc5 11. O-O-O a6 12. g4 f6 13. Bg2 b5 14. exf6 gxf6 15. Nd4 Na5 16. Nb3 Naxb3+ 17. axb3 Bb7 18. f5 b4 19. Ne2 Qc7 20. Kb1 a5 21. fxe6 a4 22. e7 Qxe7 23. Bxd5+ Bxd5 24. Qxd5+ Kh8 25. Nd4 axb3 26. Nxb3 Nxb3 27. Qxb3 Ra6 28. c4 bxc3 29. Qxc3 Rfa8 30. Rhe1 Qf7 31. Rd3 Ra4 32. b3 R4a6 33. g5 Qg6 34. Red1 Rd8 35. Kb2 Rda8 36. Rd8+ Rxd8 37. Rxd8+ Kg7 38. Rd7+ 1-0

[Event "IND-ch Women 2019"]
[Site "Karaikkudi"]
[Date "2019.07.19"]
[Round "1.11"]
[White "Nisha, N. Patkar"]
[Black "Mahalakshmi D M"]
[Result "0-1"]
[ECO "B13"]
[WhiteElo "1596"]
[BlackElo "1145"]
[Annotator "NA"]
[PlyCount "88"]
[EventDate "2019.07.19"]
[EventType "swiss"]
[EventCountry "IND"]
[SourceTitle "playchess.com"]
[Source "ChessBase"]
[SourceQuality "1"]
[TimeControl "40/5400+30:1800+30"]

1. e4 c6 2. d4 d5 3. exd5 cxd5 4. c4 Nf6 5. Nc3 Nc6 6. Bg5 Be6 7. Be2 h6 8. Bxf6 exf6 9. Nf3 Bb4 10. O-O Bxc3 11. bxc3 dxc4 12. Nd2 O-O 13. Nxc4 Qd7 14. Ne3 Rfd8 15. Bf3 Ne7 16. Qd2 Rac8 17. Rac1 f5 18. Qb2 f4 19. Nc2 Bd5 20. Bxd5 Nxd5 21. Ne1 Qc6 22. c4 Nb6 23. c5 Na4 24. Qb4 a5 25. Qd2 Nxc5 26. Nf3 Qa4 27. Qxf4 Nd3 28. Rxc8 Nxf4 29. Rxd8+ Kh7 30. d5 Nxg2 31. Kxg2 Qg4+ 32. Kh1 Qxf3+ 33. Kg1 Qf6 34. Rd7 Qf5 35. Rc7 Qg5+ 36. Kh1 Qxd5+ 37. f3 b5 38. Rf2 h5 39. Rcc2 h4 40. h3 Qf5 41. Kh2 Qf4+ 42. Kh1 Qg3 43. Rh2 Qxf3+ 44. Kg1 Qd1+ 0-1

[Event "IND-ch Women 2019"]
[Site "Karaikkudi"]
[Date "2019.07.19"]
[Round "1.12"]
[White "Michelle Catherina, P."]
[Black "Renganayaki V"]
[Result "1-0"]
[ECO "B38"]
[WhiteElo "2226"]
[BlackElo "1583"]
[Annotator "NA"]
[PlyCount "111"]
[EventDate "2019.07.19"]
[EventType "swiss"]
[EventCountry "IND"]
[SourceTitle "playchess.com"]
[Source "ChessBase"]
[SourceQuality "1"]
[TimeControl "40/5400+30:1800+30"]

1. e4 c5 2. Nf3 g6 3. d4 cxd4 4. Nxd4 Bg7 5. c4 Nc6 6. Be3 Nf6 7. Nc3 d6 8. Be2 O-O 9. O-O Bd7 10. Qd2 Nxd4 11. Bxd4 Bc6 12. f3 a5 13. b3 Nd7 14. Be3 Nc5 15. Rab1 Qb6 16. Rfc1 Rfd8 {[%emt 0:05:22] B38: Sicilian: Maroczy Bind with 5...Bg7 and 7...0-0} (16... Rfc8 17. Bf1 Qb4 18. Qb2 Qb6 19. Kh1 Qd8 20. Qd2 e6 21. Bg5 Qf8 22. Rd1 h6 23. Be3 Rd8 24. a3 Nd7 25. b4 axb4 26. axb4 {0-1 (41) Wang,H (2690)-Bu,X (2713) China 2017}) 17. Rc2 Qb4 18. Qc1 Qb6 19. a3 Qc7 20. Nd5 $146 ({Predecessor:} 20. b4 axb4 21. axb4 Na4 22. Nd5 Bxd5 23. cxd5 Qd7 24. Rc7 {1-0 (48) Amon,N (2127)-Coklin,M (2218) Slovenia 2016}) 20... Bxd5 21. cxd5 Qb8 22. b4 axb4 23. axb4 Na4 $2 (23... Nd7 $14) 24. Bb5 Bf6 25. Rc4 Nc3 26. Rxc3 Bxc3 27. Qxc3 Rc8 28. Qb2 Qc7 29. Rc1 Qd8 30. Qd4 Rxc1+ 31. Bxc1 Ra2 32. Bc4 Rc2 33. Bb2 f6 34. Bb3 Rc8 35. f4 Qf8 36. e5 fxe5 37. fxe5 Qg7 38. Qd2 dxe5 39. Qe3 (39. d6+ $142 Kh8 40. d7) 39... Qf6 40. d6+ e6 41. Bxe5 Qf5 42. h3 Rd8 43. Bg3 Kf7 44. Kh2 h5 {[%emt 0:00:34] [#]} 45. Qb6 $1 Qg5 46. Qxb7+ Kg8 47. Bxe6+ Kh8 48. Qe7 Qxe7 49. dxe7 Re8 50. Be5+ Kh7 51. Bf6 g5 52. Bf7 Rxe7 53. Bxe7 Kg7 54. Bxh5 g4 55. hxg4 Kh6 56. b5 1-0

[Event "IND-ch Women 2019"]
[Site "Karaikkudi"]
[Date "2019.07.19"]
[Round "1.13"]
[White "Kavitha P L"]
[Black "Mohota, Nisha"]
[Result "0-1"]
[ECO "B02"]
[WhiteElo "1580"]
[BlackElo "2221"]
[Annotator "ChessBase"]
[PlyCount "104"]
[EventDate "2019.07.19"]
[EventType "swiss"]
[EventCountry "IND"]
[SourceTitle "playchess.com"]
[Source "ChessBase"]
[SourceQuality "1"]
[TimeControl "40/5400+30:1800+30"]

1. e4 Nf6 2. Nc3 d5 3. exd5 Nxd5 4. Nf3 Bg4 5. Bc4 e6 6. Bxd5 exd5 7. Qe2+ Be7 8. d4 O-O 9. O-O Nc6 10. Be3 Bf6 11. h3 Be6 12. Rad1 a6 13. Qd2 Re8 14. Ne2 Bf5 15. Ng3 Bg6 16. Rfe1 h5 17. b3 h4 18. Nf1 Bh5 19. N1h2 Re4 20. g4 hxg3 21. fxg3 Qd7 22. g4 Bg6 23. g5 Be7 24. Qg2 Bh5 25. Bf2 Bb4 26. Re3 Rae8 27. Rdd3 Bd6 28. Nd2 R4e7 29. Rxe7 Rxe7 30. Ng4 Bxg4 31. hxg4 Bf4 32. Nf3 Nb4 33. Rd1 Nxc2 34. Rd3 Re4 35. Qh3 Nb4 36. Rd1 Bd6 37. Ne5 Bxe5 38. dxe5 Qxg4+ 39. Qxg4 Rxg4+ 40. Kh2 Rxg5 41. a3 Nc6 42. Rxd5 Rxe5 43. Rd7 Re7 44. Rd3 g5 45. Bc5 Re2+ 46. Kg3 f5 47. Rd5 Ne5 48. Rd8+ Kh7 49. Bd4 f4+ 50. Kh3 g4+ 51. Kh4 Rh2+ 52. Kg5 Nf7+ 0-1

[Event "IND-ch Women 2019"]
[Site "Karaikkudi"]
[Date "2019.07.19"]
[Round "1.14"]
[White "Priyanka, Kumari"]
[Black "Rindhiya V"]
[Result "1-0"]
[ECO "C77"]
[WhiteElo "1991"]
[BlackElo "1573"]
[Annotator "NA RC"]
[PlyCount "75"]
[EventDate "2019.07.19"]
[EventType "swiss"]
[EventCountry "IND"]
[SourceTitle "playchess.com"]
[Source "ChessBase"]
[SourceQuality "1"]
[TimeControl "40/5400+30:1800+30"]

1. e4 e5 2. Nf3 Nc6 3. Bb5 a6 4. Ba4 Nf6 5. d3 b5 6. Bb3 Be7 7. Nc3 d6 8. a3 {[%emt 0:03:07] C77: Ruy Lopez: 3...a6 4 Ba4 Nf6, unusual lines} O-O 9. Nd5 h6 $146 ({Predecessor:} 9... Na5 10. Ba2 Nxd5 11. Bxd5 c6 12. Ba2 Bf6 13. O-O Re8 14. b4 Nb7 15. c4 Be6 {½-½ (23) Rapport,R (2692)-Aronian,L (2785) Sharjah 2017}) 10. Nxf6+ Bxf6 11. Bd5 Bb7 12. g4 Bh4 13. Rg1 Qf6 14. g5 hxg5 15. Nxh4 gxh4 16. Bg5 Qg6 17. Kf1 Qh7 18. Bf6 g6 19. Rg4 Nd8 20. Rxh4 Qxh4 21. Bxh4 Bxd5 22. Bf6 Ne6 23. Qg4 Ng7 24. exd5 Nh5 25. Qg5 Kh7 26. Re1 Rg8 27. Re3 Nxf6 28. Qxf6 Rg7 29. Rh3+ Kg8 30. Qh4 Kf8 31. Qf6 Re8 32. Ke2 Rg8 33. Rh7 Re7 34. Rh8 Re8 35. Rxg8+ Kxg8 36. Kf3 Rc8 37. Qe7 $18 Kg7 38. Qd7 1-0

[Event "IND-ch Women 2019"]
[Site "Karaikkudi"]
[Date "2019.07.19"]
[Round "1.15"]
[White "Bindu, Saritha K."]
[Black "Swati Ghate"]
[Result "1-0"]
[ECO "D02"]
[WhiteElo "1538"]
[BlackElo "2192"]
[Annotator "ChessBase"]
[PlyCount "81"]
[EventDate "2019.07.19"]
[EventType "swiss"]
[EventCountry "IND"]
[SourceTitle "playchess.com"]
[Source "ChessBase"]
[SourceQuality "1"]
[TimeControl "40/5400+30:1800+30"]

1. d4 Nf6 2. Bf4 d5 3. e3 c5 4. c3 Nc6 5. Bd3 e6 6. Nd2 Be7 7. h3 O-O 8. Ngf3 Nh5 9. Bh2 g6 10. O-O Bd6 11. Ne5 Qc7 12. f4 f6 13. Nxc6 bxc6 14. g4 Ng7 15. Qe2 c4 16. Bc2 c5 17. Nf3 Rb8 18. b3 Ba6 19. dxc5 Qxc5 20. b4 Qc7 21. Qd2 Bb7 22. Rae1 Rbd8 23. Qd4 e5 24. Qd2 Rde8 25. fxe5 fxe5 26. a3 d4 27. e4 d3 28. Ba4 Re6 29. Qe3 Qb8 30. Bb5 Bc7 31. Kg2 Ba6 32. Bxa6 Rxa6 33. Qc5 Qb6 34. Qxc4+ Qe6 35. Qxc7 Rxa3 36. Qxe5 Ra2+ 37. Rf2 Qf7 38. Qd5 Rxf2+ 39. Kxf2 Ne6 40. Qxd3 Ng5 41. Re3 1-0

[Event "IND-ch Women 2019"]
[Site "Karaikkudi"]
[Date "2019.07.19"]
[Round "1.16"]
[White "Sharma Isha"]
[Black "Arunika Ghosh"]
[Result "1-0"]
[ECO "B40"]
[WhiteElo "2188"]
[BlackElo "1531"]
[Annotator "NA"]
[PlyCount "131"]
[EventDate "2019.07.19"]
[EventType "swiss"]
[EventCountry "IND"]
[SourceTitle "playchess.com"]
[Source "ChessBase"]
[SourceQuality "1"]
[TimeControl "40/5400+30:1800+30"]

1. e4 c5 2. Nf3 e6 3. g3 a6 (3... d5 4. exd5 exd5 5. d4 Nf6 6. Bg2 Be7 7. O-O O-O 8. dxc5 Bxc5 9. Nc3 Nc6 10. a3 Re8 11. b4 Bb6 12. Bg5 d4 13. Bxf6 Qxf6 14. Nd5 Qd8 15. Nd2 Be6 16. Nf4 Bf5 17. Nd3 Qc7 {1-0 (33) Zvjaginsev,V (2642)-Rublevsky,S (2652) Tula 2019}) 4. Bg2 b5 5. O-O Bb7 6. d3 {[%emt 0:00:38] B40: Sicilian: 2...e6, Unusual lines} d6 7. Re1 Nd7 8. Nbd2 Ngf6 9. Nf1 Be7 10. h3 $146 ({Predecessor:} 10. Nh4 O-O 11. e5 {0-1 (31) Dors,R (2167)-Brzezinski,M (2144) Jastrzebia Gora 2016}) 10... Qc7 11. g4 Nb6 12. Ng3 c4 13. d4 d5 14. e5 Nfd7 15. c3 Nb8 16. h4 Nc6 17. Nh5 O-O-O 18. g5 Rdg8 19. Bh3 Kb8 20. Nf4 g6 21. Ng2 Bf8 22. Nh2 h5 23. gxh6 Bxh6 24. Bxh6 Rxh6 25. Ng4 Rhh8 26. Nf6 Rf8 27. Qg4 Ne7 28. Qg5 Nd7 29. f3 Nxf6 30. Qxf6 Nc8 31. Kf2 Qd8 32. Qxd8 Rxd8 33. Kg3 Rdg8 34. f4 Nb6 35. Ne3 Rh7 36. Bg2 Na4 37. Re2 Rc8 38. Ng4 a5 39. a3 Nb6 40. Bf3 Kc7 41. Nf6 Rhh8 42. Rh2 Kd8 43. h5 gxh5 44. Rxh5 (44. Rah1 $142) 44... Rxh5 45. Bxh5 Ke7 46. Kf3 Rh8 47. Rg1 Kf8 $1 48. Ke3 Bc6 49. Bf3 a4 50. f5 Nc8 51. Bg4 Ke7 52. Rg3 Rh2 (52... exf5 $16 53. Bxf5 Nb6) 53. fxe6 fxe6 {[%emt 0:01:10] [#]} 54. Be2 (54. Ng8+ $1 $16 Kd8 55. Bxe6) 54... Rh8 55. Rg7+ Kf8 56. Rc7 Ne7 57. Bh5 Rxh5 58. Nxh5 Kf7 59. Kf4 Kf8 $18 60. Kg5 Kf7 61. Nf4 Be8 62. Ng6 Kg8 63. Rxe7 Bxg6 64. Kxg6 Kf8 65. Rxe6 Kg8 66. Re8# 1-0

[Event "IND-ch Women 2019"]
[Site "Karaikkudi"]
[Date "2019.07.19"]
[Round "1.17"]
[White "Ananya Arumbakkam"]
[Black "Chitlange Sakshi"]
[Result "1-0"]
[ECO "B15"]
[WhiteElo "1500"]
[BlackElo "2168"]
[Annotator "NA"]
[PlyCount "122"]
[EventDate "2019.07.19"]
[EventType "swiss"]
[EventCountry "IND"]
[SourceTitle "playchess.com"]
[Source "ChessBase"]
[SourceQuality "1"]
[TimeControl "40/5400+30:1800+30"]

1. e4 c6 2. d4 d5 3. Nc3 dxe4 4. Nxe4 Nf6 5. Nxf6+ exf6 6. c3 Bd6 7. Bd3 O-O 8. Ne2 Re8 9. O-O {[%emt 0:00:25] B15: Caro-Kann: 3 Nc3: 3...g6 and 3...dxe4 4 Nxe4 Nf6 5 Nxf6+ exf6} (9. Qc2 h6 10. O-O Qc7 11. Ng3 Nd7 12. Be3 Nf8 13. Rae1 Be6 14. Qd2 Bxg3 15. hxg3 Bxa2 16. c4 b5 17. cxb5 Bd5 18. Rc1 {½-½ (31) Sjugirov,S (2663)-Li,C (2724) Qinhuangdao 2018}) 9... Qc7 10. Ng3 Be6 11. f4 Nd7 12. Qc2 $146 ({Predecessor:} 12. c4 Nf8 13. Qf3 Rad8 14. b3 Qa5 15. Bb2 Ba3 16. Bc3 Bb4 17. Bxb4 Qxb4 {½-½ (58) Moshovakis,A (2050)-Theodoulidis,T (2063) Heraklion 2017}) 12... Nf8 13. Ne4 c5 14. Nxd6 Qxd6 15. dxc5 Qxc5+ 16. Qf2 Qc7 17. Be3 Bc4 18. Rfd1 b6 19. Bxc4 Qxc4 20. a4 Re7 21. a5 Rae8 22. axb6 axb6 23. Re1 b5 24. Rad1 h6 25. Rd4 Qc6 26. f5 Re4 (26... Nd7 $15) 27. Rxe4 Rxe4 28. Bd4 Nd7 29. Re3 Qa8 30. Qf3 Qa1+ 31. Qf1 Qxf1+ 32. Kxf1 Rf4+ 33. Rf3 Rxf3+ 34. gxf3 Kf8 35. b3 Ke7 36. Ke2 Kd6 37. h3 Nb8 38. c4 bxc4 39. bxc4 Nc6 40. Bb2 Kc5 41. Kd3 Kb4 42. f4 Ne7 43. Ke4 Kb3 44. Bc1 Kxc4 45. Ba3 $1 Nd5 46. Bf8 Nc3+ 47. Kf3 g6 48. Bxh6 Kd3 49. Bg7 Ne4 50. h4 Kd4 $11 51. fxg6 fxg6 52. f5 g5 53. h5 Ke5 54. h6 g4+ 55. Kxg4 Ng5 56. Bf8 Nh7 57. Ba3 Ke4 58. Bb2 Kd5 59. Kh5 Nf8 60. Bxf6 Ke4 61. Be7 Kd5 1-0

[Event "IND-ch Women 2019"]
[Site "Karaikkudi"]
[Date "2019.07.19"]
[Round "1.20"]
[White "Jain Nityata"]
[Black "Mishra Riya"]
[Result "1-0"]
[ECO "C45"]
[WhiteElo "2135"]
[BlackElo "1430"]
[Annotator "ChessBase"]
[PlyCount "77"]
[EventDate "2019.07.19"]
[EventType "swiss"]
[EventCountry "IND"]
[SourceTitle "playchess.com"]
[Source "ChessBase"]
[SourceQuality "1"]
[TimeControl "40/5400+30:1800+30"]

1. e4 e5 2. Nf3 Nc6 3. d4 exd4 4. Nxd4 Bc5 5. Be3 Qf6 6. c3 Nge7 7. Bc4 Ne5 8. Be2 d6 9. O-O Qg6 10. f4 Qxe4 11. Bf2 Bxd4 12. cxd4 N5c6 13. g3 Bh3 14. Bf3 Qf5 15. Re1 d5 16. b4 a6 17. Nc3 O-O 18. a4 Qd7 19. Qb3 Be6 20. a5 b5 21. axb6 cxb6 22. Na4 Rab8 23. Rab1 Bf5 24. Rb2 Rfe8 25. Qd1 Qd6 26. g4 Bd7 27. f5 Qf6 28. Kg2 h5 29. h3 Rb7 30. Nc3 g6 31. Rbe2 Nxb4 32. fxg6 hxg4 33. hxg4 Bc6 34. gxf7+ Kxf7 35. Qb1 a5 36. Re6 Qg7 37. Bh4 Qxd4 38. Qh7+ Qg7 39. Rf6# 1-0

[Event "IND-ch Women 2019"]
[Site "Karaikkudi"]
[Date "2019.07.19"]
[Round "1.21"]
[White "Bharathakoti Sneha"]
[Black "Thipsay, Bagyashree Sathe"]
[Result "0-1"]
[ECO "B01"]
[WhiteElo "1422"]
[BlackElo "2093"]
[Annotator "NA"]
[PlyCount "110"]
[EventDate "2019.07.19"]
[EventType "swiss"]
[EventCountry "IND"]
[SourceTitle "playchess.com"]
[Source "ChessBase"]
[SourceQuality "1"]
[TimeControl "40/5400+30:1800+30"]

1. e4 d5 2. exd5 Qxd5 3. Nc3 Qd6 4. d4 Nf6 5. Nf3 c6 6. a4 {[%emt 0:04:37] B01: Scandinavian Defence} (6. g3 Bf5 7. Bg2 h6 8. O-O e6 9. Na4 Nbd7 10. Bf4 Qe7 11. c4 g5 12. Be3 Bg7 13. Qb3 Rb8 {1-0 (88) Grandelius,N (2655)-Andreikin,D (2723) Porto Carras 2018}) 6... Bg4 7. Be2 Nbd7 8. Be3 $146 ({Predecessor:} 8. O-O e6 9. b3 Qc7 10. Nh4 Bxe2 11. Qxe2 Be7 12. g3 O-O 13. f4 a6 {0-1 (33) Slim,N (1807)-Nassar,M (2017) Beirut 2017}) 8... e6 9. a5 Qc7 10. h3 Bh5 11. O-O Bd6 12. Qd2 O-O 13. Rfe1 a6 14. Ra4 Rad8 15. Qc1 Rc8 16. Rd1 Nd5 17. Nxd5 cxd5 18. c3 Nb8 19. Qd2 Nc6 20. Rda1 Rfd8 21. Qc1 Qb8 22. Qd2 Ne7 23. b4 Rd7 24. b5 Bxf3 $1 25. gxf3 axb5 26. Bxb5 Rdc7 27. a6 bxa6 28. Bxa6 Rd8 29. Bd3 Qc8 30. Kg2 Qb7 31. Rb1 Qc6 32. Ra6 Qxc3 33. Qe2 (33. Qd1 $5 Rcc8 34. Rc1 $11) 33... Ng6 34. Bxg6 $1 hxg6 35. Rc1 (35. Qb5 $1 $11 Be7 36. Rc1 Qxc1 37. Bxc1 Rxc1 38. Qb7) 35... Qb4 36. Bd2 Qb7 37. Rca1 Qb2 38. Qd3 Rc4 (38... Rc2 $19 39. Be3 Be7) 39. Be3 Be7 40. R6a2 Qc3 41. Qb1 Bf6 42. Qb6 Qb4 43. Qa6 Bxd4 44. Ra4 Qc5 45. Bxd4 Qxd4 46. R4a2 Rdc8 47. Rf1 Qf4 48. Rd1 Rc3 49. Qe2 Qf5 $19 50. Rdd2 R8c4 51. Ra8+ Kh7 52. Ra1 Rh4 53. Rh1 Rf4 54. h4 Rcxf3 55. h5 gxh5 0-1

[Event "IND-ch Women 2019"]
[Site "Karaikkudi"]
[Date "2019.07.20"]
[Round "2.1"]
[White "Soumya, Swaminathan"]
[Black "Sandhya, N.."]
[Result "1-0"]
[ECO "B22"]
[WhiteElo "2402"]
[BlackElo "2086"]
[Annotator "RC"]
[PlyCount "63"]
[EventDate "2019.07.19"]
[EventType "swiss"]
[EventCountry "IND"]
[SourceTitle "playchess.com"]
[Source "ChessBase"]
[SourceQuality "1"]
[TimeControl "40/5400+30:1800+30"]

1. e4 c5 2. c3 Nf6 3. e5 Nd5 4. Nf3 Nc6 5. d4 cxd4 6. cxd4 d6 7. Bc4 e6 8. O-O Be7 9. Qe2 O-O 10. Bd2 Nb6 11. Bd3 f5 12. exf6 Bxf6 13. Na3 d5 14. Nc2 Bd7 15. b4 a6 16. a4 Re8 17. b5 axb5 18. axb5 Rxa1 19. Rxa1 Nxd4 20. Nfxd4 e5 21. Qh5 g6 22. Bxg6 hxg6 23. Qxg6+ Bg7 24. Bg5 Re7 25. Bxe7 Qxe7 26. Qxb6 exd4 27. Nxd4 Kh7 28. Rd1 Bg4 29. f3 Bh5 30. Nf5 Qe2 31. Rf1 Be5 32. Qh6+ 1-0

[Event "IND-ch Women 2019"]
[Site "Karaikkudi"]
[Date "2019.07.20"]
[Round "2.2"]
[White "Potluri Saye Srreezza"]
[Black "Kulkarni Bhakti"]
[Result "0-1"]
[ECO "C01"]
[WhiteElo "1999"]
[BlackElo "2388"]
[Annotator "RC"]
[PlyCount "86"]
[EventDate "2019.07.19"]
[EventType "swiss"]
[EventCountry "IND"]
[SourceTitle "playchess.com"]
[Source "ChessBase"]
[SourceQuality "1"]
[TimeControl "40/5400+30:1800+30"]

1. d4 d5 2. c4 c6 3. Nc3 e5 4. e3 exd4 5. exd4 Nf6 6. Nf3 Bb4 7. Be2 O-O 8. O-O dxc4 9. Bxc4 Bg4 10. Be2 Qd6 11. Ne5 Bxe2 12. Nxe2 Nd5 13. Qb3 Nd7 14. a3 Nxe5 15. axb4 Ng4 16. Qh3 Ngf6 17. b5 cxb5 18. Ng3 Qd7 19. Qh4 Qg4 20. Bg5 Qxh4 21. Bxh4 Rfc8 22. Bxf6 Nxf6 23. Nf5 Rc2 24. Rab1 Rd8 25. Rfd1 g6 26. Ne3 Rc7 27. Rd3 a5 28. Kf1 b4 29. g3 Nd5 30. Ke2 a4 31. Ra1 b5 32. Rd2 b3 33. Nxd5 Rxd5 34. Kd3 f5 35. Ke3 Kf7 36. Kd3 Rc4 37. Ke3 Ke6 38. h4 Kd7 39. f3 h5 40. g4 hxg4 41. fxg4 fxg4 42. Ke4 Rd6 43. Ke5 Rc2 0-1

[Event "IND-ch Women 2019"]
[Site "Karaikkudi"]
[Date "2019.07.20"]
[Round "2.3"]
[White "Divya Deshmukh"]
[Black "Bakshi, Rutuja"]
[Result "1-0"]
[ECO "D17"]
[WhiteElo "2373"]
[BlackElo "1958"]
[Annotator "ChessBase"]
[PlyCount "95"]
[EventDate "2019.07.19"]
[EventType "swiss"]
[EventCountry "IND"]
[SourceTitle "playchess.com"]
[Source "ChessBase"]
[SourceQuality "1"]
[TimeControl "40/5400+30:1800+30"]

1. d4 d5 2. c4 c6 3. Nc3 Nf6 4. Nf3 dxc4 5. a4 Bf5 6. Ne5 e6 7. f3 Bb4 8. g3 b5 9. axb5 cxb5 10. Bg2 Qb6 11. O-O Nbd7 12. Nxd7 Nxd7 13. f4 O-O 14. e4 Bg6 15. f5 Bh5 16. Qxh5 Qxd4+ 17. Kh1 Bxc3 18. bxc3 Qxc3 19. Bg5 f6 20. fxe6 Ne5 21. e7 Rf7 22. Rxa7 Re8 23. Bf4 Rfxe7 24. Rxe7 Rxe7 25. Rd1 Qa5 26. Bd2 Qa8 27. Rf1 Qa3 28. Qf5 Re8 29. Bf4 Qa8 30. Bxe5 Rxe5 31. Qd7 h6 32. h4 c3 33. Qc7 b4 34. Qc4+ Kh7 35. Qxb4 Qc8 36. Rc1 Rc5 37. Kh2 Qc7 38. Qd4 Rc4 39. Qd3 Kh8 40. Bh3 c2 41. Qe2 Rc3 42. Qf2 Qc4 43. Bf5 Qc7 44. Bg6 Kg8 45. Qf4 Qd8 46. h5 Qc8 47. Qf5 Qc4 48. Qd5+ 1-0

[Event "IND-ch Women 2019"]
[Site "Karaikkudi"]
[Date "2019.07.20"]
[Round "2.4"]
[White "Saranya, J."]
[Black "Vijayalakshmi, Subbaraman"]
[Result "1/2-1/2"]
[ECO "B07"]
[WhiteElo "2067"]
[BlackElo "2357"]
[Annotator "NA"]
[PlyCount "215"]
[EventDate "2019.07.19"]
[EventType "swiss"]
[EventCountry "IND"]
[SourceTitle "playchess.com"]
[Source "ChessBase"]
[SourceQuality "1"]
[TimeControl "40/5400+30:1800+30"]

1. e4 d6 2. d4 Nf6 3. Nc3 e5 4. dxe5 dxe5 5. Qxd8+ (5. Qd3 ) 5... Kxd8 6. Bc4 Be6 7. Bxe6 fxe6 8. Bg5 Bb4 {[%emt 0:02:42] B07: Pirc Defence: Miscellaneous Systems} (8... Bd6 9. O-O-O Ke7 10. Nge2 h6 11. Bh4 g5 12. Bg3 Nh5 13. f3 Nc6 14. Nb5 a6 15. Nxd6 cxd6 16. Bf2 Nf4 17. Nxf4 exf4 {½-½ (64) Vernay,C (2506)-Bellini,F (2470) Switzerland 2017}) 9. O-O-O+ Nbd7 10. Nge2 Ke7 11. f3 a6 12. f4 $146 ({Predecessor:} 12. a3 Ba5 13. Nb1 Bb6 14. Nec3 h6 15. Bd2 Rac8 16. Rhe1 {½-½ (38) Meinke,D (1919)-Boldt,H (1883) Magdeburg 2015}) 12... h6 13. Bxf6+ gxf6 14. f5 Rhg8 15. fxe6 Kxe6 16. Nd5 Bd6 17. Ng3 Rad8 18. Rd2 c6 19. Ne3 Bc5 20. Nef5 Nb6 21. Rxd8 Rxd8 22. Rd1 Rxd1+ 23. Kxd1 Bf8 24. b3 a5 25. Ke2 Nd7 26. h4 Nc5 27. Ne3 b5 28. c3 Kf7 29. Nd1 Ne6 30. Kf3 Nf4 31. Ne2 Nd3 32. Kg4 Kg6 33. h5+ Kf7 34. Ne3 Nc5 35. Kf3 Ke6 36. Nf5 Kd7 37. Nc1 Ne6 38. Nd3 Kc7 39. g3 Ng5+ 40. Ke3 Kd7 41. Ne1 Ke6 42. Kd3 Nh3 43. Ke2 Ng5 44. Kd3 Kf7 45. Ng2 Ne6 46. Ngh4 Ke8 47. Nf3 Ba3 48. Kc2 Bf8 49. Kd3 Nd8 50. Nh2 Ne6 51. Ng4 Nc5+ 52. Ke3 Nd7 53. Nfxh6 Ba3 54. Kd2 Kf8 55. Nf5 Kg8 56. Nf2 Kh7 57. Nd3 Bf8 58. Kc2 Kg8 59. b4 a4 60. a3 Nb6 61. Nb2 c5 62. g4 Kh7 63. Kb1 Kg8 64. Ka2 Kh7 65. Nd3 Nd7 66. Nb2 Nb6 67. Nd3 Nd7 68. Kb2 Kg8 69. Ne3 Kh7 70. Nd5 c4 71. Ne1 Bd6 72. Nf3 Bb8 73. Kc2 Kg7 74. Kd2 $18 Nf8 75. Nh4 Kh6 76. Ke3 Ne6 77. Nf5+ Kg5 78. h6 Kg6 79. Nxf6 Ba7+ 80. Kd2 Ng5 81. h7 Nf7 82. Ne8 Kxh7 83. Nfd6 Ng5 84. Nc7 Kg6 85. Ncxb5 Bg1 86. Nxc4 Nxe4+ 87. Ke2 Kf6 88. Nd2 Nxd2 89. Kxd2 Kg5 90. c4 Kxg4 91. c5 Kf3 92. c6 e4 93. Nc3 Bb6 94. Nd5 e3+ 95. Nxe3 Bxe3+ 96. Kd3 Bb6 97. Kc4 Ke4 98. Kb5 Bd8 99. Kxa4 Kd5 100. Kb5 Kd6 101. a4 Kc7 102. Ka6 Kxc6 103. b5+ Kc7 104. a5 Kb8 105. b6 Bxb6 106. axb6 Ka8 107. b7+ Kb8 108. Kb6 1/2-1/2

[Event "IND-ch Women 2019"]
[Site "Karaikkudi"]
[Date "2019.07.20"]
[Round "2.5"]
[White "Srija, Seshadri"]
[Black "Jyothsna L"]
[Result "0-1"]
[ECO "C01"]
[WhiteElo "2306"]
[BlackElo "1939"]
[Annotator "ChessBase"]
[PlyCount "70"]
[EventDate "2019.07.19"]
[EventType "swiss"]
[EventCountry "IND"]
[SourceTitle "playchess.com"]
[Source "ChessBase"]
[SourceQuality "1"]
[TimeControl "40/5400+30:1800+30"]

1. e4 e6 2. d4 d5 3. Bd3 Nf6 4. e5 Nfd7 5. Ne2 c5 6. c3 Nc6 7. a3 cxd4 8. cxd4 f6 9. Nf4 Nxd4 10. Qh5+ Ke7 11. O-O Nxe5 12. Nc3 Ndc6 13. Re1 Qe8 14. Qh4 Kf7 15. Bxh7 Bc5 16. b4 g5 17. Qh6 Bxf2+ 18. Kxf2 gxf4 19. Kf1 Qf8 20. Qxf8+ Kxf8 21. Bc2 f3 22. Bf4 fxg2+ 23. Kxg2 Bd7 24. Rad1 Rc8 25. Ba4 Kf7 26. Nb5 Ke7 27. Be3 b6 28. Bb3 Rcg8+ 29. Kh1 Rh3 30. Bc2 Nxb4 31. axb4 Bxb5 32. Bf4 Kd6 33. Rd2 Rh4 34. Rd4 Rgg4 35. Bxe5+ fxe5 0-1